[Event "ICC tourney 2308 (3 2)"]
[Site "Internet Chess Club"]
[Date "2021.01.15"]
[Round "5"]
[White "ThomasBoyle"]
[Black "clair"]
[Result "1-0"]
[ICCResult "Black resigns"]
[WhiteElo "1283"]
[BlackElo "1681"]
[Opening "Robatsch (modern) defense"]
[ECO "B06"]
[NIC "KF.06"]
[Time "20:59:05"]
[PlyCount "59"]
[TimeControl "180+2"]

1. e4 g6 2. Bc4 Bg7 3. Nf3 e6 4. d4 Ne7 5. Bg5 h6 6. Bh4 O-O 7. Nc3 g5 8.
Bg3 d5 9. exd5 exd5 10. Bb3 c6 11. Qd3 Nf5 12. Be5 Re8 13. O-O-O b5 14. h4
b4 15. Na4 Ba6 16. Qd2 Nxh4 17. Nxh4 gxh4 18. Bxg7 Kxg7 19. g3 Qg5 20.
Qxg5+ hxg5 21. gxh4 gxh4 22. Rxh4 Nd7 23. Rg1+ Kf8 24. Rh8+ Ke7 25. Re1+
Kf6 26. Rhxe8 Rxe8 27. Rxe8 Nb6 28. Nxb6 axb6 29. Rb8 c5 30. Rxb6+ { Black
resigns } 1-0

[Event "ICC tourney 2308 (3 2)"]
[Site "Internet Chess Club"]
[Date "2021.01.15"]
[Round "5"]
[White "Sparta250"]
[Black "Shakhmatova"]
[Result "1-0"]
[ICCResult "Black resigns"]
[WhiteElo "2702"]
[BlackElo "1756"]
[Opening "Van't Kruijs opening"]
[ECO "A00"]
[Time "20:59:12"]
[PlyCount "57"]
[TimeControl "180+2"]

1. e3 c6 2. b3 Nf6 3. Bb2 d6 4. Be2 Qc7 5. g4 h6 6. h4 e5 7. d3 Be6 8. Nd2
Nbd7 9. a3 Be7 10. Nh3 O-O-O 11. g5 hxg5 12. Nxg5 Nd5 13. Nxe6 fxe6 14. Bg4
Bxh4 15. Ke2 Rdf8 16. Nf3 e4 17. Nxh4 exd3+ 18. cxd3 Ne5 19. Bxe5 dxe5 20.
Bxe6+ Kb8 21. Bxd5 cxd5 22. Rc1 Qd6 23. Qg1 Qxa3 24. Nf3 Qb2+ 25. Nd2 e4
26. Rxh8 Rxh8 27. dxe4 dxe4 28. Qg3+ Ka8 29. Qh3 { Black resigns } 1-0

[Event "ICC tourney 2308 (3 2)"]
[Site "Internet Chess Club"]
[Date "2021.01.15"]
[Round "5"]
[White "A4-H5"]
[Black "iszerencsy"]
[Result "0-1"]
[ICCResult "White checkmated"]
[WhiteElo "1999"]
[BlackElo "1425"]
[Opening "Amar (Paris) opening"]
[ECO "A00"]
[NIC "VO.16"]
[Time "20:59:14"]
[PlyCount "32"]
[TimeControl "180+2"]

1. Nh3 d5 2. d4 Bxh3 3. gxh3 e6 4. Nc3 Nf6 5. Rg1 c5 6. Bf4 Nc6 7. e3 cxd4
8. exd4 Qb6 9. Nb5 Rc8 10. Bd6 Nxd4 11. Nxd4 Bxd6 12. Rxg7 Be5 13. c3 Qxb2
14. Bb5+ Kf8 15. Rg3 Ne4 16. Rb1 Qxf2# { White checkmated } 0-1

[Event "ICC tourney 2308 (3 2)"]
[Site "Internet Chess Club"]
[Date "2021.01.15"]
[Round "5"]
[White "aberdeenace"]
[Black "hackerguru"]
[Result "0-1"]
[ICCResult "White resigns"]
[WhiteElo "1546"]
[BlackElo "1750"]
[Opening "Sicilian: Grand Prix attack"]
[ECO "B21"]
[NIC "SI.48"]
[Time "20:59:14"]
[PlyCount "56"]
[TimeControl "180+2"]

1. e4 c5 2. f4 d5 3. e5 Nc6 4. Nf3 Bg4 5. h3 Bxf3 6. Qxf3 e6 7. c3 d4 8.
Bb5 Ne7 9. g4 h5 10. g5 g6 11. d3 a6 12. Ba4 b5 13. Bb3 Rc8 14. Nd2 Nf5 15.
Ne4 Be7 16. Bd2 a5 17. a4 b4 18. Bc4 dxc3 19. bxc3 bxc3 20. Bxc3 Ncd4 21.
Qf2 h4 22. Bb5+ Nxb5 23. axb5 Qxd3 24. Qe2 Qd5 25. Rxa5 Ng3 26. Nf6+ Bxf6
27. Qd2 Qxh1+ 28. Kf2 Ne4+ { White resigns } 0-1

[Event "ICC tourney 2308 (3 2)"]
[Site "Internet Chess Club"]
[Date "2021.01.15"]
[Round "5"]
[White "DrKnight01"]
[Black "baldwinsthename"]
[Result "0-1"]
[ICCResult "White resigns"]
[WhiteElo "1216"]
[BlackElo "1272"]
[Opening "Caro-Kann: advance variation"]
[ECO "B12"]
[NIC "CK.04"]
[Time "20:59:12"]
[PlyCount "60"]
[TimeControl "180+2"]

1. d4 c6 2. e4 d5 3. e5 Bf5 4. Nf3 e6 5. Nc3 h6 6. Bd2 c5 7. Bd3 Bxd3 8.
cxd3 Nc6 9. Be3 cxd4 10. Nxd4 Qb6 11. Nxc6 Qxc6 12. Rc1 Qd7 13. Ne2 Bb4+
14. Bd2 a5 15. O-O Ne7 16. f4 b6 17. Kh1 Nf5 18. Bxb4 axb4 19. Qb3 Ne3 20.
Rf3 d4 21. Qxb4 Rxa2 22. Nxd4 Ra4 23. Qxb6 Rxd4 24. Rxe3 O-O 25. Rc7 Qa4
26. h3 Rxf4 27. Rg3 h5 28. Qxe6 Rf1+ 29. Kh2 Qf4 30. Qd7 h4 { White resigns
} 0-1

[Event "ICC tourney 2308 (3 2)"]
[Site "Internet Chess Club"]
[Date "2021.01.15"]
[Round "5"]
[White "Ben2008"]
[Black "woochess"]
[Result "0-1"]
[ICCResult "White checkmated"]
[WhiteElo "1900"]
[BlackElo "2595"]
[Opening "Sicilian: Anderssen variation"]
[ECO "B41"]
[NIC "SI.41"]
[Time "20:59:07"]
[PlyCount "86"]
[TimeControl "180+2"]

1. e4 c5 2. Nf3 e6 3. d4 cxd4 4. Nxd4 Nf6 5. Nc3 Nc6 6. Be3 d6 7. Be2 Bd7
8. O-O Be7 9. Qd2 a6 10. Rad1 O-O 11. f3 Qc7 12. Kh1 b5 13. a3 Rfd8 14. Bd3
Ne5 15. f4 Nc4 16. Bxc4 Qxc4 17. Qd3 Qc7 18. f5 e5 19. Nf3 Bc6 20. Nd5 Bxd5
21. exd5 e4 22. Qe2 exf3 23. Qxf3 Qxc2 24. Bd4 Nd7 25. Rc1 Qa4 26. Bc3 Bf6
27. Qg3 Bxc3 28. Rxc3 Nf6 29. Rd3 Qe4 30. Qf3 Qxf3 31. Rfxf3 Re8 32. h3 Re5
33. Rd4 Rc8 34. Rd2 Nxd5 35. Rfd3 Ne3 36. Kg1 Nxf5 37. g4 Nh4 38. Kf2 d5
39. Rxd5 Rxd5 40. Rxd5 h6 41. Kg3 g5 42. Rd6 Rc2 43. Rxh6 Rg2# { White
checkmated } 0-1

[Event "ICC tourney 2308 (3 2)"]
[Site "Internet Chess Club"]
[Date "2021.01.15"]
[Round "5"]
[White "PearsonH"]
[Black "HR2005"]
[Result "0-1"]
[ICCResult "White resigns"]
[WhiteElo "1752"]
[BlackElo "2041"]
[Opening "Queen's pawn: London system"]
[ECO "A45"]
[NIC "QP.07"]
[Time "20:59:34"]
[PlyCount "114"]
[TimeControl "180+2"]

1. d4 Nf6 2. Bf4 g6 3. Nc3 d5 4. e3 c6 5. h4 h5 6. Be2 Bg7 7. Nf3 Nbd7 8.
Ne5 O-O 9. Nxd7 Bxd7 10. O-O Rc8 11. Bf3 Bf5 12. Qe2 Nd7 13. e4 dxe4 14.
Bxe4 Bxe4 15. Qxe4 Nf6 16. Qe3 Nd5 17. Nxd5 Qxd5 18. c3 Rfe8 19. Bh6 Bf6
20. Bg5 Bxg5 21. Qxg5 Qxg5 22. hxg5 e5 23. dxe5 Rxe5 24. f4 Re2 25. Rf2
Rce8 26. Raf1 Kf8 27. Rxe2 Rxe2 28. Rf2 Re1+ 29. Rf1 Rxf1+ 30. Kxf1 Ke7 31.
Kf2 Ke6 32. Ke3 Kf5 33. Kf3 b6 34. g3 a6 35. b3 a5 36. a3 b5 37. c4 a4 38.
bxa4 bxa4 39. c5 Ke6 40. Ke4 f6 41. gxf6 Kxf6 42. Ke3 Kf5 43. Kf3 g5 44.
fxg5 Kxg5 45. Ke3 Kg4 46. Kf2 Kg5 47. Ke3 Kf5 48. Kf3 Ke5 49. Ke3 Kd5 50.
Kf4 Kxc5 51. Kg5 Kb5 52. Kxh5 c5 53. g4 c4 54. g5 c3 55. g6 c2 56. g7 c1=Q
57. g8=Q Qh1+ { White resigns } 0-1

[Event "ICC tourney 2308 (3 2)"]
[Site "Internet Chess Club"]
[Date "2021.01.15"]
[Round "5"]
[White "rychessmaster1"]
[Black "CaptK"]
[Result "0-1"]
[ICCResult "White resigns"]
[WhiteElo "2187"]
[BlackElo "2368"]
[Opening "Queen's pawn: Chigorin variation"]
[ECO "D00"]
[NIC "QP.08"]
[Time "20:59:39"]
[PlyCount "62"]
[TimeControl "180+2"]

1. d4 d5 2. Nc3 Nf6 3. Bf4 Bf5 4. f3 e6 5. g4 Bg6 6. h4 h6 7. e3 a6 8. Bd3
Bxd3 9. cxd3 c5 10. dxc5 Bxc5 11. d4 Be7 12. Nge2 Nc6 13. Kf2 Nd7 14. Bg3
Rc8 15. a3 h5 16. g5 g6 17. Rc1 b5 18. Qd3 O-O 19. Nf4 Kg7 20. Rhd1 Nb6 21.
e4 dxe4 22. Qxe4 Nc4 23. d5 Qb6+ 24. Ke1 Qg1+ 25. Ke2 Qxg3 26. dxc6 Bc5 27.
Nd3 Qg2+ 28. Ke1 Be3 29. b3 Bd2+ 30. Rxd2 Qxd2+ 31. Kf1 Ne3+ { White
resigns } 0-1

[Event "ICC tourney 2308 (3 2)"]
[Site "Internet Chess Club"]
[Date "2021.01.15"]
[Round "5"]
[White "chesssky"]
[Black "jy2020"]
[Result "1-0"]
[ICCResult "Black resigns"]
[WhiteElo "1991"]
[BlackElo "2213"]
[Opening "Catalan: open, 5.Nf3"]
[ECO "E04"]
[NIC "CA.03"]
[Time "20:58:56"]
[PlyCount "47"]
[TimeControl "180+2"]

1. Nf3 Nf6 2. d4 d5 3. c4 e6 4. g3 dxc4 5. Bg2 a6 6. O-O Nc6 7. a4 Rb8 8.
a5 b5 9. axb6 cxb6 10. Nc3 b5 11. Bf4 Bd6 12. Ne5 Ne7 13. Nc6 Nxc6 14.
Bxc6+ Kf8 15. Be5 Qc7 16. Bxf6 Qxc6 17. Bg5 b4 18. d5 Qc7 19. Ne4 e5 20.
Qc1 Bh3 21. Rd1 Rc8 22. Rxa6 Bc5 23. Rc6 Qa7 24. Nxc5 { Black resigns } 1-0

[Event "ICC tourney 2308 (3 2)"]
[Site "Internet Chess Club"]
[Date "2021.01.15"]
[Round "5"]
[White "Jesuscalling"]
[Black "leilei8514"]
[Result "1-0"]
[ICCResult "Black checkmated"]
[WhiteElo "2050"]
[BlackElo "1397"]
[Opening "King's Indian: London system"]
[ECO "A48"]
[NIC "QP.03"]
[Time "20:59:01"]
[PlyCount "83"]
[TimeControl "180+2"]

1. d4 Nf6 2. Nf3 g6 3. Bf4 Bg7 4. e3 d6 5. h3 O-O 6. Bc4 c5 7. O-O cxd4 8.
exd4 Nc6 9. c3 Re8 10. Re1 Qb6 11. Bb3 a5 12. Na3 a4 13. Bxa4 Qxb2 14. Nb5
Nd5 15. Re2 Nxc3 16. Rxb2 Nxd1 17. Bxd1 e5 18. Nxd6 Rd8 19. dxe5 f6 20.
Bb3+ Kf8 21. Nxc8 Raxc8 22. Re2 fxe5 23. Nxe5 Nd4 24. Ree1 Nxb3 25. axb3
Rc5 26. Rac1 Rxc1 27. Rxc1 Rd4 28. Bg3 Rd2 29. Rc7 Rd1+ 30. Kh2 Re1 31. Nf3
Rb1 32. Rxb7 Bc3 33. Ng5 h6 34. Ne6+ Kg8 35. h4 Bf6 36. b4 Bc3 37. b5 Ba5
38. Bf4 h5 39. Bh6 Kh8 40. Nf4 Rb4 41. Nxg6+ Kg8 42. Rg7# { Black
checkmated } 1-0

[Event "ICC tourney 2308 (3 2)"]
[Site "Internet Chess Club"]
[Date "2021.01.15"]
[Round "5"]
[White "pracheth18"]
[Black "blackjack721"]
[Result "1-0"]
[ICCResult "Black resigns"]
[WhiteElo "1733"]
[BlackElo "1454"]
[Opening "Scotch opening"]
[ECO "C44"]
[NIC "KP.10"]
[Time "20:59:52"]
[PlyCount "95"]
[TimeControl "180+2"]

1. e4 e5 2. Nf3 Nc6 3. d4 Nf6 4. dxe5 Nxe4 5. Bd3 Nc5 6. Be2 Be7 7. O-O Ne6
8. Be3 d6 9. exd6 Bxd6 10. Nc3 Bd7 11. Re1 Qf6 12. Bd3 O-O 13. Rb1 h6 14.
Ne4 Bxh2+ 15. Nxh2 Qh4 16. Qg4 Qxg4 17. Nxg4 Ng5 18. Bxg5 hxg5 19. Nef6+
gxf6 20. Nxf6+ Kg7 21. Nxd7 Rfd8 22. Ne5 Nxe5 23. Rxe5 Kf6 24. Rbe1 Rg8 25.
Rf5+ Kg7 26. Rxg5+ Kh6 27. Rxg8 Rxg8 28. Re7 Rg5 29. Rxf7 Rc5 30. g4 Kg5
31. Rf5+ Rxf5 32. gxf5 Kf6 33. f4 b6 34. Kf2 a5 35. Kf3 c6 36. Kg4 b5 37.
c4 b4 38. b3 c5 39. Be4 Ke7 40. Kg5 Kd6 41. Bd5 Ke7 42. f6+ Kf8 43. Kg6 a4
44. f7 axb3 45. axb3 Ke7 46. Kg7 Kd6 47. f8=Q+ Kc7 48. Qxc5+ { Black
resigns } 1-0

[Event "ICC tourney 2308 (3 2)"]
[Site "Internet Chess Club"]
[Date "2021.01.15"]
[Round "5"]
[White "dsmartins"]
[Black "saif-shawkat"]
[Result "0-1"]
[ICCResult "White forfeits on time"]
[WhiteElo "1777"]
[BlackElo "2059"]
[Opening "Four knights game"]
[ECO "C47"]
[NIC "KP.06"]
[Time "20:59:05"]
[PlyCount "70"]
[TimeControl "180+2"]

1. e4 e5 2. Nf3 Nc6 3. Nc3 Nf6 4. Ng5 Bc5 5. Bc4 O-O 6. d3 h6 7. Nf3 d6 8.
O-O Bg4 9. h3 Bh5 10. Be3 Nd4 11. Bxd4 exd4 12. Na4 Nd7 13. Nxc5 dxc5 14.
g4 Bg6 15. Nh2 Ne5 16. f4 Nxc4 17. dxc4 f6 18. f5 Bf7 19. Qd3 Qd6 20. c3
dxc3 21. Qxc3 Qd4+ 22. Qxd4 cxd4 23. b3 Rfe8 24. Rfe1 c5 25. Rad1 Rad8 26.
Nf3 Re7 27. e5 fxe5 28. Nxe5 Rde8 29. Kf2 Rxe5 30. Rxe5 Rxe5 31. Kg3 Re3+
32. Kg2 Be8 33. h4 Bc6+ 34. Kf2 Rf3+ 35. Ke2 Rh3 { White forfeits on time }
0-1

[Event "ICC tourney 2308 (3 2)"]
[Site "Internet Chess Club"]
[Date "2021.01.15"]
[Round "5"]
[White "haarim"]
[Black "ved2006"]
[Result "0-1"]
[ICCResult "White forfeits on time"]
[WhiteElo "1491"]
[BlackElo "1686"]
[Opening "French: Tarrasch, open variation"]
[ECO "C07"]
[NIC "FR.19"]
[Time "20:59:15"]
[PlyCount "64"]
[TimeControl "180+2"]

1. e4 e6 2. d4 d5 3. Nd2 c5 4. exd5 Qxd5 5. Ngf3 Nc6 6. Bc4 Qd8 7. O-O Nf6
8. dxc5 Bxc5 9. Nb3 Bb6 10. Qxd8+ Bxd8 11. Bf4 O-O 12. a3 Bb6 13. Rad1 Re8
14. h3 e5 15. Bg3 Bf5 16. c3 a6 17. Rfe1 e4 18. Nfd4 Nxd4 19. Nxd4 Bg6 20.
Rd2 Rad8 21. Nb3 Rxd2 22. Nxd2 e3 23. Nf3 Ne4 24. Re2 exf2+ 25. Bxf2 Bxf2+
26. Rxf2 Nxf2 27. Kxf2 a5 28. g4 Be4 29. Ng5 Bg6 30. h4 h6 31. Nf3 Re4 32.
h5 Bh7 { White forfeits on time } 0-1

[Event "ICC tourney 2308 (3 2)"]
[Site "Internet Chess Club"]
[Date "2021.01.15"]
[Round "5"]
[White "sarvadh"]
[Black "funpawn"]
[Result "1-0"]
[ICCResult "Black forfeits on time"]
[WhiteElo "2250"]
[BlackElo "1794"]
[Opening "Giuoco Pianissimo"]
[ECO "C55"]
[NIC "IG.01"]
[Time "20:59:02"]
[PlyCount "49"]
[TimeControl "180+2"]

1. e4 e5 2. Nf3 Nc6 3. Bc4 Nf6 4. d3 Bc5 5. c3 d6 6. h3 O-O 7. O-O Ne7 8.
Be3 Bb6 9. Nbd2 Ng6 10. d4 Qe7 11. Re1 Nh5 12. Nf1 Nhf4 13. Ng3 a5 14. Ne2
c6 15. Bxf4 Nxf4 16. Nxf4 exf4 17. Qd2 Qf6 18. e5 dxe5 19. dxe5 Qf5 20. Bd3
Qh5 21. Qxf4 Be6 22. Ng5 h6 23. Ne4 Rad8 24. Rad1 Bxa2 25. Ng3 { Black
forfeits on time } 1-0

[Event "ICC tourney 2308 (3 2)"]
[Site "Internet Chess Club"]
[Date "2021.01.15"]
[Round "5"]
[White "coolsportsguy"]
[Black "MarfaEs"]
[Result "1-0"]
[ICCResult "Black checkmated"]
[WhiteElo "2330"]
[BlackElo "2004"]
[Opening "Queen's pawn: London system"]
[ECO "A45"]
[NIC "QP.07"]
[Time "20:58:59"]
[PlyCount "63"]
[TimeControl "180+2"]

1. d4 Nf6 2. Bf4 g6 3. Nc3 d5 4. e3 Bg7 5. h4 c6 6. Be2 h5 7. Nf3 Bg4 8.
Qd2 Nfd7 9. O-O-O Bxf3 10. Bxf3 e5 11. dxe5 Nxe5 12. Be2 Nbd7 13. e4 Nc4
14. Bxc4 dxc4 15. Bd6 b5 16. f4 b4 17. Bxb4 Rb8 18. Bd6 Rb7 19. e5 Qb6 20.
b3 cxb3 21. cxb3 Qa5 22. Rhe1 Nf8 23. Re4 Ne6 24. Ra4 Qd8 25. Ne4 Bh6 26.
g3 Qb6 27. Nf6+ Kd8 28. Bc5+ Kc7 29. Bxb6+ axb6 30. Qd6+ Kc8 31. Ra8+ Rb8
32. Rxb8# { Black checkmated } 1-0

[Event "ICC tourney 2308 (3 2)"]
[Site "Internet Chess Club"]
[Date "2021.01.15"]
[Round "5"]
[White "Kinawa"]
[Black "Ayushb"]
[Result "1/2-1/2"]
[ICCResult "Game drawn by repetition"]
[WhiteElo "1535"]
[BlackElo "1769"]
[Opening "Scotch gambit: Dubois-Réti defense"]
[ECO "C55"]
[NIC "KP.02"]
[Time "20:59:05"]
[PlyCount "96"]
[TimeControl "180+2"]

1. e4 e5 2. Nf3 Nc6 3. d4 exd4 4. Bc4 Nf6 5. e5 d5 6. Bb5 Ne4 7. Nxd4 Bd7
8. Bxc6 bxc6 9. O-O Bc5 10. Be3 O-O 11. f3 Ng5 12. f4 Ne4 13. c3 Qh4 14.
Nd2 Nxd2 15. Qxd2 Rab8 16. f5 Rfe8 17. Rf4 Qh5 18. e6 fxe6 19. fxe6 Bxd4
20. Bxd4 Rxe6 21. Raf1 Rbe8 22. Rf7 Qxf7 23. Rxf7 Kxf7 24. Qf4+ Kg8 25. h3
Re1+ 26. Kh2 R1e2 27. Qxc7 R2e7 28. Qg3 Bf5 29. b3 Bg6 30. c4 dxc4 31. bxc4
Re2 32. Qc7 R8e7 33. Qb8+ Re8 34. Qxa7 R8e7 35. Qa8+ Re8 36. Qb7 R8e7 37.
Qc8+ Re8 38. Qc7 R8e7 39. Qc8+ Re8 40. Qc7 R8e7 41. Qd8+ Kf7 42. Qh8 Ke6
43. Qc8+ Kf7 44. Qh8 Ke6 45. Qc8+ Kf7 46. Qh8 Ke6 47. Qc8+ Kf7 48. Qh8 Ke6
{ Game drawn by repetition } 1/2-1/2

[Event "ICC tourney 2308 (3 2)"]
[Site "Internet Chess Club"]
[Date "2021.01.15"]
[Round "5"]
[White "MrWizard"]
[Black "kittypuppy"]
[Result "1-0"]
[ICCResult "Black checkmated"]
[WhiteElo "2019"]
[BlackElo "1058"]
[Opening "Queen's pawn"]
[ECO "A40"]
[NIC "QO.17"]
[Time "20:58:59"]
[PlyCount "101"]
[TimeControl "180+2"]

1. d4 c6 2. Bf4 d5 3. e3 Bf5 4. Nf3 e6 5. Bd3 Bg6 6. O-O Nf6 7. c4 Nbd7 8.
Qb3 Qb6 9. Qc2 Be7 10. c5 Qa5 11. Nc3 O-O 12. a3 Bxd3 13. Qxd3 Qd8 14. h3
b5 15. cxb6 axb6 16. Rac1 b5 17. Ne2 Rc8 18. Ne5 Nxe5 19. Bxe5 Bd6 20. f4
Bxe5 21. fxe5 Ne4 22. Nc3 Nxc3 23. Rxc3 Qe7 24. Rfc1 Qd7 25. e4 Rc7 26.
exd5 exd5 27. Qg3 Rfc8 28. Rc5 Qe6 29. Rf1 Qg6 30. Qf2 Kf8 31. Re1 Re7 32.
Rec1 Re6 33. Rxb5 Qg5 34. Rbc5 Rg6 35. Rf1 Qe7 36. Qf5 h6 37. Qxc8+ Qe8 38.
Qxe8+ Kxe8 39. Rfc1 Kd7 40. b4 Ke6 41. Rxc6+ Kf5 42. Rxg6 Kxg6 43. b5 Kf5
44. b6 Ke4 45. Rd1 g5 46. b7 g4 47. b8=Q f6 48. Qb1+ Kf4 49. Rf1+ Kg5 50.
Qf5+ Kh4 51. Qxg4# { Black checkmated } 1-0

[Event "ICC tourney 2308 (3 2)"]
[Site "Internet Chess Club"]
[Date "2021.01.15"]
[Round "5"]
[White "vikram251107"]
[Black "SuperBlueSky"]
[Result "1-0"]
[ICCResult "Black forfeits on time"]
[WhiteElo "2002"]
[BlackElo "1562"]
[Opening "Giuoco Piano"]
[ECO "C54"]
[NIC "IG.02"]
[Time "20:58:58"]
[PlyCount "89"]
[TimeControl "180+2"]

1. e4 e5 2. Nf3 Nc6 3. Bc4 Bc5 4. c3 Nf6 5. d4 exd4 6. cxd4 Bb4+ 7. Bd2
Bxd2+ 8. Nbxd2 d5 9. exd5 Nxd5 10. O-O Nce7 11. Ne5 O-O 12. Qf3 c6 13. Ne4
Bf5 14. Ng3 Bg6 15. h4 f6 16. h5 fxe5 17. Qg4 Bf5 18. Qg5 h6 19. Qd2 e4 20.
Rfe1 b5 21. Bb3 a5 22. a4 b4 23. Nxe4 Bxe4 24. Rxe4 Qe8 25. Qe2 Rf7 26. Re1
Ra7 27. g4 Kh8 28. g5 Qf8 29. g6 Rf5 30. Bxd5 cxd5 31. Rxe7 Rxe7 32. Qxe7
Rxf2 33. Qxf8+ Rxf8 34. Re5 Rd8 35. Kf2 Kg8 36. Ke3 Kf8 37. Kf4 Rd6 38.
Rf5+ Kg8 39. Ke5 Rc6 40. Rf2 Rc1 41. Kxd5 Rh1 42. Ke6 Re1+ 43. Kd6 Rh1 44.
Re2 Kf8 45. Kd7 { Black forfeits on time } 1-0

[Event "ICC tourney 2308 (3 2)"]
[Site "Internet Chess Club"]
[Date "2021.01.15"]
[Round "5"]
[White "YKQ"]
[Black "MrNormalName"]
[Result "1-0"]
[ICCResult "Black checkmated"]
[WhiteElo "2550"]
[BlackElo "2174"]
[Opening "Ruy Lopez: Berlin defense, open variation"]
[ECO "C67"]
[NIC "RL.07"]
[Time "20:59:22"]
[PlyCount "65"]
[TimeControl "180+2"]

1. e4 e5 2. Nf3 Nc6 3. Bb5 Nf6 4. O-O Nxe4 5. Re1 Nd6 6. Nxe5 Be7 7. Bf1
Nxe5 8. Rxe5 O-O 9. d4 Bf6 10. Re1 Re8 11. Nc3 Rxe1 12. Qxe1 Ne8 13. Nd5
Bxd4 14. Bg5 f6 15. Rd1 Bxb2 16. Bc4 Kh8 17. Bh4 c6 18. Ne7 d5 19. Qe2 Nd6
20. Bd3 Bg4 21. Ng6+ hxg6 22. Qxg4 g5 23. Qh5+ Kg8 24. Bg3 Nf7 25. Qh7+ Kf8
26. Re1 Qd7 27. Bf5 Re8 28. Rb1 Be5 29. Bxd7 Bxg3 30. Bxe8 Bxf2+ 31. Kxf2
Kxe8 32. Rxb7 Ne5 33. Qg8# { Black checkmated } 1-0

[Event "ICC tourney 2308 (3 2)"]
[Site "Internet Chess Club"]
[Date "2021.01.15"]
[Round "5"]
[White "BrodskyUTD"]
[Black "chessrex"]
[Result "1/2-1/2"]
[ICCResult "Game drawn by mutual agreement"]
[WhiteElo "2564"]
[BlackElo "1949"]
[Opening "Philidor: Philidor counter-gambit"]
[ECO "C41"]
[NIC "KP.08"]
[Time "20:59:01"]
[PlyCount "138"]
[TimeControl "180+2"]

1. e4 e5 2. Nf3 d6 3. d4 f5 4. exf5 e4 5. Ng5 Nf6 6. Nc3 d5 7. f3 Bxf5 8.
fxe4 Nxe4 9. Ngxe4 dxe4 10. Bf4 Bd6 11. Bxd6 cxd6 12. Bc4 Qc7 13. Qe2 Nc6
14. O-O-O O-O-O 15. Rhf1 Bg6 16. h4 h5 17. Be6+ Kb8 18. Bf5 Bxf5 19. Rxf5
g6 20. Rg5 Rhe8 21. Rxg6 Qf7 22. Rg5 Nb4 23. Kb1 Rc8 24. Qxh5 Qc4 25. a3
Nc6 26. Qe2 Nxd4 27. Qxc4 Rxc4 28. Rd5 Nc6 29. Rxd6 e3 30. h5 Rh4 31. h6 a6
32. Re1 Kc7 33. Rd3 Rxh6 34. Rexe3 Rg8 35. Rg3 Rf8 36. Rg7+ Kc8 37. Rdd7
Na5 38. b4 Rb6 39. Ka2 Rf2 40. Rc7+ Kb8 41. Nd5 Rb5 42. Rc5 Rxc5 43. bxc5
Rxc2+ 44. Kb1 Rxc5 45. Rg8+ Ka7 46. Rd8 Nc4 47. a4 Nd2+ 48. Kb2 Nc4+ 49.
Kb3 Nb6 50. Nxb6 Kxb6 51. Rd7 Rg5 52. Rd2 Rg3+ 53. Kb4 a5+ 54. Kc4 Kc6 55.
Rf2 Rg4+ 56. Kb3 Kc5 57. Rf5+ Kb6 58. Rf6+ Ka7 59. Rf2 Rb4+ 60. Ka3 Rg4 61.
Kb3 Ka6 62. Rf6+ b6 63. Rf2 Kb7 64. Rf7+ Kc6 65. Rf6+ Kc5 66. Rf5+ Kd6 67.
Rf6+ Kc7 68. Rf7+ Kc6 69. Rf6+ Kc5 { Game drawn by mutual agreement }
1/2-1/2

[Event "ICC tourney 2308 (3 2)"]
[Site "Internet Chess Club"]
[Date "2021.01.15"]
[Round "5"]
[White "Volkov"]
[Black "kurumania"]
[Result "0-1"]
[ICCResult "White forfeits on time"]
[WhiteElo "2607"]
[BlackElo "2514"]
[Opening "Grünfeld: Russian, Byrne (Simagin) variation"]
[ECO "D97"]
[NIC "GI.10"]
[Time "20:59:12"]
[PlyCount "124"]
[TimeControl "180+2"]

1. d4 Nf6 2. c4 g6 3. Nc3 d5 4. Nf3 Bg7 5. Qb3 dxc4 6. Qxc4 O-O 7. e4 Nc6
8. Be2 e5 9. d5 Nd4 10. Nxd4 exd4 11. Qxd4 c6 12. Qc4 b5 13. Qxc6 Bd7 14.
Qd6 Re8 15. Bg5 b4 16. Qxb4 Nxd5 17. Nxd5 Qxg5 18. O-O Rab8 19. Qd6 Bh3 20.
Qg3 Qxg3 21. hxg3 Rxb2 22. Bf3 Bd7 23. a3 Kf8 24. Rab1 Reb8 25. Rxb2 Rxb2
26. Rd1 Ba4 27. Rc1 Bd4 28. Ne3 Bb3 29. Rc8+ Kg7 30. Rb8 Be6 31. Rxb2 Bxb2
32. a4 Bd4 33. Bd1 Bxe3 34. fxe3 Kf6 35. Bc2 Ke5 36. Kf2 h5 37. Kf3 Bg4+
38. Kf2 a5 39. Bd3 Bd7 40. Bc2 Bc6 41. Bb3 f6 42. Bf7 g5 43. Bxh5 Bxa4 44.
Ke2 Bc6 45. g4 Bxe4 46. g3 a4 47. Kd2 a3 48. Kc3 Bd5 49. Bg6 Be6 50. Bd3
Kd6 51. Be2 Kc5 52. Bf3 Bc4 53. Bd1 Bd5 54. Be2 Be6 55. Bf3 Kd6 56. Be2 Bf7
57. Bf3 Ke5 58. Kc2 Bd5 59. Bd1 Ke4 60. Kc3 Kxe3 61. Bb3 Bxb3 62. Kb4 Kf3 {
White forfeits on time } 0-1

[Event "ICC tourney 2308 (3 2)"]
[Site "Internet Chess Club"]
[Date "2021.01.15"]
[Round "5"]
[White "arunjayanthi"]
[Black "spideydavey"]
[Result "0-1"]
[ICCResult "White forfeits on time"]
[WhiteElo "1524"]
[BlackElo "1802"]
[Opening "Sicilian: Kan, 5.Nc3"]
[ECO "B43"]
[NIC "SI.41"]
[Time "20:59:52"]
[PlyCount "52"]
[TimeControl "180+2"]

1. e4 c5 2. Nf3 e6 3. d4 cxd4 4. Nxd4 a6 5. Nc3 Qc7 6. Be2 b5 7. O-O Bb7 8.
a3 Nf6 9. Bf3 d6 10. e5 dxe5 11. Bxb7 Qxb7 12. Nf3 Nbd7 13. Bg5 Be7 14. Re1
Qc7 15. Ne4 Nxe4 16. Bxe7 Kxe7 17. Rxe4 Rhd8 18. Qe1 f6 19. Qb4+ Qc5 20. c3
a5 21. Qxc5+ Nxc5 22. Ree1 Nb3 23. Rab1 Rd7 24. h3 Rad8 25. Kf1 Rd5 26. Ke2
f5 { White forfeits on time } 0-1

[Event "ICC tourney 2308 (3 2)"]
[Site "Internet Chess Club"]
[Date "2021.01.15"]
[Round "5"]
[White "Assured"]
[Black "Dlugy"]
[Result "1/2-1/2"]
[ICCResult "Game drawn by mutual agreement"]
[WhiteElo "2552"]
[BlackElo "2607"]
[Opening "Queen's pawn game, Krause variation"]
[ECO "D02"]
[NIC "QP.08"]
[Time "20:59:06"]
[PlyCount "94"]
[TimeControl "180+2"]

1. d4 d5 2. Nf3 c5 3. c3 e6 4. Bg5 Be7 5. Bxe7 Qxe7 6. e3 Nf6 7. Nbd2 O-O
8. Bd3 Nc6 9. Ne5 Nxe5 10. dxe5 Nd7 11. f4 f6 12. Qh5 g6 13. Qh4 Rf7 14.
Nf3 fxe5 15. Qxe7 Rxe7 16. Nxe5 Nxe5 17. fxe5 Bd7 18. Kd2 Rf7 19. Raf1 Raf8
20. Rxf7 Rxf7 21. Rf1 Rxf1 22. Bxf1 g5 23. b4 b6 24. Bd3 Kg7 25. Ke2 Be8
26. Kf3 Bh5+ 27. Kg3 Bg6 28. Bb5 Bb1 29. a3 Kg6 30. h4 gxh4+ 31. Kg4 Be4
32. Bf1 a5 33. Bb5 Bxg2 34. Be8+ Kg7 35. Kxh4 Be4 36. Bd7 Bf5 37. Be8 Bg6
38. Bd7 Bf7 39. Ba4 Kh6 40. Bc2 Bg6 41. Ba4 Bf5 42. Be8 Kg7 43. Ba4 Bg6 44.
Bd7 Bf7 45. Ba4 Kh6 46. Bc2 Bh5 47. Bxh7 Bf7 { Game drawn by mutual
agreement } 1/2-1/2